 Dungeon Crawl Stone Soup version 0.30-a0-728-gc68057be0a (webtiles) character file.

Game seed: 13871390245735806168

109 warriortoast the Trooper (level 4, -1/39 HPs)
             Began as a Barachi Fighter on Jan 30, 2023.
             Killed from afar by an orc wizard (10 damage)
             ... with a magic dart
             ... on level 3 of the Dungeon.
             The game lasted 00:04:22 (1897 turns).

warriortoast the Trooper (Barachi Fighter)          Turns: 1897, Time: 00:04:22

Health: -1/39      AC:  6    Str: 19    XL:     4   Next: 89%
Magic:  4/4        EV:  9    Int:  9    God:
Gold:   143        SH:  4    Dex: 11    Spells: 3/3 levels left

rFire   . . .      SeeInvis .    a - +0 war axe
rCold   . . .      Faith    .    c - +0 buckler
rNeg    . . .      Spirit   .    b - +0 scale mail
rPois   +          Reflect  .    (no helmet)
rElec   .          Harm     .    (no cloak)
rCorr   .          Rampage  .    (no gloves)
Will    .....                    (no boots) Stlth
                                 (no amulet)
HPRegen 0.26/turn                i - ring of poison resistance
MPRegen 0.09/turn                (no ring)

@: slow
A: amphibious, slowness 1, strong legs 1, +LOS
a: Hop


You were on level 3 of the Dungeon.
You visited 1 branch of the dungeon, and saw 3 of its levels.

You collected 143 gold pieces.

Inventory:

Hand Weapons
 a - a +0 war axe (weapon)
Missiles
 h - 2 poisoned darts (quivered)
Armour
 b - a +0 scale mail (worn)
 c - a +0 buckler (worn)
Jewellery
 i - a ring of poison resistance (left hand)
 p - a ring of ice
Scrolls
 f - 3 scrolls of teleportation {unknown}
 k - a scroll of silence {unknown}
 l - a scroll of identify {unknown}
 n - a scroll of vulnerability {unknown}
Potions
 d - a potion of might
 e - 2 potions of attraction {unknown}
 g - 2 potions of curing {unknown}
 j - a potion of cancellation {unknown}
 m - a potion of lignification {unknown}
 o - a potion of heal wounds {unknown}
 q - a potion of haste {unknown}


   Skills:
 + Level 5.3 Fighting
 + Level 4.1 Axes
 - Level 3.6 Armour
 - Level 3.2 Shields


You had 3 spell levels left.
You didn't know any spells.
Your spell library contained the following spells:

 Spells                   Type           Power      Damage    Failure   Level
 Shock                    Conj/Air       0%         1d3       85%         1
 Summon Small Mammal      Summ           0%         N/A       85%         1
 Sublimation of Blood     Necr           0%         N/A       94%         2
 Wereblood                Tmut           0%         N/A       94%         2
 Call Canine Familiar     Summ           0%         N/A       99%         3
 Summon Guardian Golem    Hex/Summ       0%         N/A       99%         3
 Swiftness                Air            0%         N/A       99%         3
 Vhi's Electric Charge    Tloc/Air       0%         N/A       99%         3
 Airstrike                Air            0%         2d(0-16)  100%        4
 Arcjolt                  Conj/Air       0%         1d10      100%        5
 Summon Hydra             Summ           0%         N/A       100%        7
 Maxwell's Capacitive Co  Air            0%         ∞         100%        8


Dungeon Overview and Level Annotations

Branches:
Dungeon (3/15)

Altars:
Elyvilon


Innate Abilities, Weirdness & Mutations

You are amphibious.
You cover ground slowly.
You can hop short distances.
You have an extended range of vision and can be seen from far away.


Message History

You feel a bit more experienced.
You bump into the rock wall.
Something hits you.
Deactivating autopickup; reactivate with Ctrl-A.
You bump into the rock wall.
Something hits you.
You're too confused to move!
Something hits you.
You bump into the rock wall.
You feel less confused. Something hits you but does no damage.
You miss something. Something hits you.
You closely miss something.
Something hits you but does no damage. x2
You barely miss something. Something hits you but does no damage.
You miss something. You block something's attack.
You closely miss something. Something hits you but does no damage.
You hear some strange, mumbled words.
A magic dart appears from out of thin air!
The magic dart hits you.
You closely miss something. Something hits you but does no damage.
You closely miss something.
You hear some strange, mumbled words.
A magic dart appears from out of thin air!
The magic dart hits you!
You miss something. Something hits you but does no damage.
Something completely misses you.
You barely miss something. Something hits you but does no damage.
You closely miss something.
You hear some strange, mumbled words.
A puff of flame appears from out of thin air!
The puff of flame hits you.
* * * LOW HITPOINT WARNING * * *
You barely miss something. Something hits you.
* * * LOW HITPOINT WARNING * * *
Something hits you but does no damage.
You closely miss something. Something hits you.
* * * LOW HITPOINT WARNING * * *
You closely miss something. Something hits you but does no damage.
You hit something.
You hear some strange, mumbled words.
A magic dart appears from out of thin air!
The magic dart hits you!
You die...

...........#####.#####...
###...####.# #K#
###........# ###.####
#.......#### #......#
#.#...#.# #.#.##.#####
#.#...#.### #{#........#
#.#.......# #.####.###.#
....#####.# #)####.# #.#
#...# #.####.{@...# #.#
....# #....########
#.####.# ##..# #)##.#
#......# ##..#####.##.#
#.###### ..........##.#
#.# .<.#....####.#### #.#
##.#....#....†..#######.##
...#.####..#.#..##.†.....#
####.#
#..#.#..#.♣...♣....#


There were no monsters in sight!

Vanquished Creatures
  4 adders (D:2)
  A worm (D:2)
  3 dart slugs (D:1)
  8 ball pythons
  7 endoplasms
  2 giant cockroaches
  5 goblins
  2 hobgoblins
  6 kobolds
  2 quokkas (D:1)
  4 bats
  7 frilled lizards
  3 rats
54 creatures vanquished.

Vanquished Creatures (others)
  An orc wizard (D:3)
1 creature vanquished.

Grand Total: 55 creatures vanquished

Notes
Turn   | Place    | Note
-------+----------+-------------------------------------------
     0 | D:1      | warriortoast the Barachi Fighter began the quest for the
                  | Orb.
     0 | D:1      | Reached XP level 1. HP: 18/18 MP: 1/1
    97 | D:1      | Reached skill level 4 in Fighting
    97 | D:1      | Reached XP level 2. HP: 16/25 MP: 2/2
   227 | D:1      | Found a faded altar of an unknown god.
   614 | D:1      | Reached XP level 3. HP: 31/31 MP: 3/3
   947 | D:2      | Found a white marble altar of Elyvilon.
  1029 | D:2      | Reached XP level 4. HP: 30/38 MP: 4/4
  1260 | D:2      | Reached skill level 5 in Fighting
  1897 | D:3      | Killed from afar by an orc wizard

Illustrated notes

Levels and vault maps discovered:
D:1:      amcnicky_arrival_underground_garden, layout_loops_ring,
          shapermc_ecumenical_altar_venn, minmay_crystal_room
D:2:      kennysheep_big_flooded_room, layout_basic, basic_altar
D:3:      layout_loops_cross, grunt_ministairs_2

Skill      XL: |  1  2  3  4 |
---------------+-------------+-----
Fighting       | 4 5 |  5.3
Axes           | 3 4 |  4.1
Armour         | |  3.6
Shields        | |  3.2

Action                     |  1- 3 |  4- 6 || total
---------------------------+-------+-------++-------
  Melee: War axe           |   102 |    61 ||   163
  Throw: Dart              |       |     8 ||     8
 Armour: Scale mail        |    41 |    35 ||    76
  Dodge: Dodged            |    57 |    24 ||    81
  Block: Buckler           |    28 |    11 ||    39

Table legend: (Time is in decaauts)
 A = Elapsed time spent in this place.
 B = Non-inter-level travel time spent in this place.
 C = Inter-level travel time spent in this place.
 D = Time resting spent in this place.
 E = Time spent auto-exploring this place.
 F = Levels seen in this place.
 G = Mean time per level.
                   A        B        C        D        E       F      G
               +--------+--------+--------+--------+--------+-----+--------+
         Total |   2261 |   2221 |     40 |      0 |   1723 |   3 |  753.7 |
       Dungeon |   2261 |   2221 |     40 |      0 |   1723 |   3 |  753.7 |
               +--------+--------+--------+--------+--------+-----+--------+

Top non-repeatable levels by time:
     D:2: 992 daAuts
     D:1: 981 daAuts
     D:3: 287 daAuts
